[Event "10th Uppsala Young Champions 2023"]
[Site "Uppsala"]
[Date "2023.10.28"]
[Round "2.9"]
[White "Oksendal, Martin"]
[Black "Mai, Alexander Oliver"]
[Result "1-0"]
[ECO "C42"]
[WhiteElo "2123"]
[BlackElo "2118"]
[Annotator "NA RC"]
[PlyCount "107"]
[EventDate "2023.10.27"]
[EventType "swiss"]
[EventCountry "SWE"]
[SourceTitle "playchess.com"]
[Source "ChessBase"]
[SourceQuality "1"]
[TimeControl "5400+30"]

1. e4 e5 2. Nf3 Nf6 3. Nxe5 d6 4. Nf3 Nxe4 5. d4 d5 6. Bd3 Bd6 7. O-O O-O 8. c4 c6 9. Nc3 Nxc3 10. bxc3 dxc4 11. Bxc4 Bf5 12. Bg5 Qc7 13. Bh4 Nd7 14. Bd3 Bxd3 15. Qxd3 Rfe8 16. Rad1 Nf8 17. Bg3 Ng6 18. c4 Rad8 19. Rfe1 h6 20. Bxd6 Rxe1+ 21. Rxe1 Qxd6 22. g3 Nf8 23. Kg2 Ne6 24. h4 Qc7 25. Qf5 Rd6 26. d5 cxd5 27. cxd5 Nf8 28. Rd1 Qc5 29. Qe4 b5 30. Ne5 Ra6 31. Rd2 Rf6 32. Ng4 Rb6 33. Ne3 a5 34. Rc2 Qa3 35. Rc8 Rf6 36. Nf5 g6 37. Nxh6+ Kh7 38. Ng4 Rf5 39. Ne3 Rf6 40. Qe5 Kg7 41. Ng4 Qf3+ 42. Kh3 Qh1+ 43. Nh2 Nh7 44. g4 Qb1 45. Rc3 Kg8 46. Rc8+ Kg7 47. Kg2 Qxa2 48. g5 Qxf2+ 49. Kh1 Qxh4 50. gxf6+ Nxf6 51. d6 Qh3 52. Rc3 Qh4 53. d7 Qh8 54. Rc8 1-0

[Event "10th Uppsala Young Champions 2023"]
[Site "Uppsala"]
[Date "2023.10.28"]
[Round "2.10"]
[White "Seiger, Vidar"]
[Black "Ostensson, Julia"]
[Result "1-0"]
[ECO "A05"]
[WhiteElo "1908"]
[BlackElo "1878"]
[Annotator "NA"]
[PlyCount "87"]
[EventDate "2023.10.27"]
[EventType "swiss"]
[EventCountry "SWE"]
[SourceTitle "playchess.com"]
[Source "ChessBase"]
[SourceQuality "1"]
[TimeControl "5400+30"]

1. Nf3 Nf6 2. g3 g6 3. b4 Bg7 4. Bb2 O-O 5. Bg2 d6 6. O-O e5 7. d3 Nc6 8. b5 Ne7 9. c4 Nd7 10. Qc2 Nc5 11. Nbd2 Bf5 12. h3 c6 13. a4 a6 14. Nh4 Bd7 15. Nb3 Nxb3 16. Qxb3 axb5 17. axb5 Qb6 18. Ba3 c5 19. Bb2 g5 20. Nf3 g4 21. hxg4 Bxg4 22. Ra3 f5 23. Rfa1 Rxa3 24. Qxa3 Bf6 25. Qa5 Qxa5 26. Rxa5 Nc8 27. Kf1 Kf7 28. Nh2 b6 29. Ra6 Bd8 30. Bd5+ Kg6 31. Nxg4 fxg4 32. Be6 Ne7 33. Bxg4 Kg5 34. Bf3 Nf5 35. Ra7 h6 36. Bc1+ Kf6 37. Kg2 Rh8 38. Bd5 Ne7 39. Rd7 Nxd5 40. Rxd6+ Ke7 41. Rxd5 Bc7 42. Bb2 Ke6 43. f4 Ra8 44. Bxe5 1-0

[Event "10th Uppsala Young Champions 2023"]
[Site "Uppsala"]
[Date "2023.10.28"]
[Round "2.11"]
[White "Muntean, Victor"]
[Black "Harish, Neeraj"]
[Result "1/2-1/2"]
[ECO "B22"]
[WhiteElo "2092"]
[BlackElo "2076"]
[Annotator "NA RC"]
[PlyCount "83"]
[EventDate "2023.10.27"]
[EventType "swiss"]
[EventCountry "SWE"]
[SourceTitle "playchess.com"]
[Source "ChessBase"]
[SourceQuality "1"]
[TimeControl "5400+30"]

1. e4 c5 2. c3 d5 3. exd5 Qxd5 4. d4 g6 5. dxc5 Qxc5 6. Be3 Qc7 7. Na3 Bd7 8. Nb5 Bxb5 9. Bxb5+ Nc6 10. Nf3 Bg7 11. O-O Nf6 12. Qa4 O-O 13. Bxc6 bxc6 14. Bd4 c5 15. Bxf6 Bxf6 16. Rad1 Rfd8 17. h3 Qb6 18. Qc2 Rab8 19. b3 c4 20. bxc4 Rdc8 21. Qa4 Bxc3 22. Rd7 Rc7 23. Rfd1 Rbc8 24. Rd8+ Kg7 25. Qe8 Rxd8 26. Rxd8 Rxc4 27. Qf8+ Kf6 28. Qh8+ Kf5 29. Qxh7 Bf6 30. Rd1 Rc2 31. Rf1 Ke6 32. Qg8 Qc5 33. Qb8 Rc1 34. Qb3+ Kd7 35. Qxf7 Rxf1+ 36. Kxf1 Qc1+ 37. Ne1 Bc3 38. Qd5+ Ke8 39. Qg8+ Kd7 40. Qd5+ Ke8 41. Qg8+ Kd7 42. Qd5+ 1/2-1/2

[Event "10th Uppsala Young Champions 2023"]
[Site "Uppsala"]
[Date "2023.10.28"]
[Round "3.1"]
[White "Gavrilescu, David"]
[Black "Domalchuk-Jonasson, Aleksandr"]
[Result "1-0"]
[ECO "B53"]
[WhiteElo "2534"]
[BlackElo "2392"]
[Annotator "ChessBase"]
[PlyCount "71"]
[EventDate "2023.10.27"]
[EventType "swiss"]
[EventCountry "SWE"]
[SourceTitle "playchess.com"]
[Source "ChessBase"]
[SourceQuality "1"]
[TimeControl "5400+30"]

1. e4 c5 2. Nf3 d6 3. d4 cxd4 4. Qxd4 Nc6 5. Qe3 g6 6. h3 Bg7 7. Be2 Nf6 8. O-O O-O 9. Rd1 b6 10. c4 Bb7 11. Nc3 Nd7 12. b3 Nb4 13. Rb1 a6 14. Bb2 Rc8 15. a3 Nc6 16. Nd5 Na5 17. h4 Bc6 18. a4 Nb7 19. Qg5 Bxb2 20. Rxb2 Re8 21. Qe3 e6 22. Nb4 a5 23. Nxc6 Rxc6 24. e5 Qb8 25. Qh6 Nf8 26. h5 dxe5 27. Qg5 e4 28. Qf6 h6 29. Ne5 Rc7 30. Ng4 Kh7 31. Qf4 g5 32. Qf6 Ng6 33. hxg6+ fxg6 34. Qc3 Rf8 35. Nf6+ Kh8 36. Nd7+ 1-0

[Event "10th Uppsala Young Champions 2023"]
[Site "Uppsala"]
[Date "2023.10.28"]
[Round "3.2"]
[White "Falkevall, Axel"]
[Black "Oksendal, Martin"]
[Result "1/2-1/2"]
[ECO "E52"]
[WhiteElo "2280"]
[BlackElo "2123"]
[Annotator "ChessBase"]
[PlyCount "83"]
[EventDate "2023.10.27"]
[EventType "swiss"]
[EventCountry "SWE"]
[SourceTitle "playchess.com"]
[Source "ChessBase"]
[SourceQuality "1"]
[TimeControl "5400+30"]

1. d4 Nf6 2. c4 e6 3. Nc3 Bb4 4. e3 O-O 5. Bd2 d5 6. Nf3 b6 7. cxd5 exd5 8. Bd3 Bb7 9. O-O Bd6 10. Rc1 c5 11. Re1 Re8 12. Qc2 Nc6 13. a3 c4 14. Bf1 Na5 15. Nb5 Nb3 16. Nxd6 Qxd6 17. Rcd1 a5 18. Bc1 Rac8 19. Nd2 Ng4 20. Nf3 Nf6 21. g3 Bc6 22. Bh3 Rcd8 23. Qb1 g6 24. Nd2 Ba4 25. f3 Nh5 26. Bg2 Nxd2 27. Rxd2 f5 28. Rf2 f4 29. gxf4 Nxf4 30. Bf1 Bd7 31. Bd2 Nh3+ 32. Bxh3 Bxh3 33. Bc3 Qf6 34. Qc1 Qg5+ 35. Kh1 Rd7 36. Bd2 Qf6 37. Ree2 Bf5 38. Qg1 Bd3 39. Re1 Rf7 40. Qg3 Be4 41. Ref1 Bd3 42. Rg1 1/2-1/2

[Event "10th Uppsala Young Champions 2023"]
[Site "Uppsala"]
[Date "2023.10.28"]
[Round "3.3"]
[White "Morell, Oscar"]
[Black "Omarsson, Adam"]
[Result "0-1"]
[ECO "B90"]
[WhiteElo "1942"]
[BlackElo "1946"]
[Annotator "NA"]
[PlyCount "78"]
[EventDate "2023.10.27"]
[EventType "swiss"]
[EventCountry "SWE"]
[SourceTitle "playchess.com"]
[Source "ChessBase"]
[SourceQuality "1"]
[TimeControl "5400+30"]

1. e4 c5 2. Nf3 d6 3. d4 cxd4 4. Nxd4 Nf6 5. Nc3 a6 6. f3 e5 7. Nb3 Be7 8. Be3 O-O 9. Qd2 Be6 10. O-O-O Nbd7 11. g4 b5 12. g5 Nh5 13. Nd5 Bxd5 14. exd5 b4 15. Kb1 a5 16. Rg1 Qc7 17. Na1 Rfb8 18. Rg4 Nb6 19. Rc1 Na4 20. Nb3 Nc3+ 21. bxc3 bxc3 22. Qe1 a4 23. Bc4 axb3 24. cxb3 f5 25. Rh4 f4 26. Qxc3 g6 27. Bf2 Ng7 28. Rg4 Qd7 29. h4 Bd8 30. Rc2 Ba5 31. Qd3 Bb6 32. Bb5 Qa7 33. Bxb6 Qxb6 34. a4 Nf5 35. h5 Qe3 36. Rd2 Rxb5 37. axb5 Qe1+ 38. Rd1 Qa5 39. Qc4 Qa1+ 0-1

[Event "10th Uppsala Young Champions 2023"]
[Site "Uppsala"]
[Date "2023.10.28"]
[Round "3.4"]
[White "Harish, Neeraj"]
[Black "Seiger, Vidar"]
[Result "1/2-1/2"]
[ECO "B36"]
[WhiteElo "2076"]
[BlackElo "1908"]
[Annotator "NA"]
[PlyCount "92"]
[EventDate "2023.10.27"]
[EventType "swiss"]
[EventCountry "SWE"]
[SourceTitle "playchess.com"]
[Source "ChessBase"]
[SourceQuality "1"]
[TimeControl "5400+30"]

1. e4 c5 2. Nf3 g6 3. d4 cxd4 4. Nxd4 Nc6 5. c4 Nf6 6. Nc3 d6 7. Be2 Nxd4 8. Qxd4 Bg7 9. Be3 O-O 10. Qd2 a5 11. Rc1 a4 12. f3 Qa5 13. Kf2 Be6 14. Nd5 Qd8 15. Rhd1 Nd7 16. Kg1 Nc5 17. Qc2 Bxd5 18. Rxd5 Qb6 19. Rb1 Rfc8 20. Bf1 e6 21. Rd2 Qc6 22. Rbd1 Rd8 23. Bf4 e5 24. Be3 Ne6 25. Rd5 Nc7 26. Qf2 Nxd5 27. Rxd5 f5 28. exf5 gxf5 29. Qh4 Rf8 30. c5 dxc5 31. Bc4 Kh8 32. Rxc5 Qg6 33. Rb5 Rac8 34. Bc5 Rfd8 35. Rb6 Rd1+ 36. Bf1 Qf7 37. Qb4 Qd5 38. Rd6 Qxc5+ 39. Qxc5 Rxf1+ 40. Kxf1 Rxc5 41. Rd8+ Bf8 42. Rxf8+ Kg7 43. Rxf5 Rc1+ 44. Kf2 Rc2+ 45. Kg3 Rxb2 46. Rxe5 Kf6 1/2-1/2

[Event "10th Uppsala Young Champions 2023"]
[Site "Uppsala"]
[Date "2023.10.28"]
[Round "3.5"]
[White "Sorensen, Hampus"]
[Black "Briem, Stephan"]
[Result "1-0"]
[ECO "E11"]
[WhiteElo "2470"]
[BlackElo "2144"]
[Annotator "ChessBase"]
[PlyCount "79"]
[EventDate "2023.10.27"]
[EventType "swiss"]
[EventCountry "SWE"]
[SourceTitle "playchess.com"]
[Source "ChessBase"]
[SourceQuality "1"]
[TimeControl "5400+30"]

1. d4 Nf6 2. c4 e6 3. Nf3 Bb4+ 4. Bd2 Qe7 5. g3 Nc6 6. Nc3 Bxc3 7. Bxc3 Ne4 8. Rc1 d6 9. d5 Nxc3 10. Rxc3 Nb8 11. dxe6 fxe6 12. Bg2 O-O 13. O-O Nd7 14. b4 Nf6 15. c5 e5 16. cxd6 cxd6 17. Qc2 d5 18. Rc7 Qd6 19. Qc5 Qxc5 20. Rxc5 e4 21. Nd4 Bd7 22. Rc7 b6 23. f3 Rfc8 24. Rfc1 exf3 25. exf3 Kf8 26. Bf1 Ne8 27. Rxc8 Rxc8 28. Rxc8 Bxc8 29. Nb5 a6 30. Nc3 Nc7 31. Na4 b5 32. Nc5 Ke7 33. Kf2 Kd6 34. Ke3 Na8 35. a4 Nc7 36. a5 Bf5 37. Kd4 Bb1 38. Bh3 Ne8 39. Nxa6 Ba2 40. Nc5 1-0

[Event "10th Uppsala Young Champions 2023"]
[Site "Uppsala"]
[Date "2023.10.28"]
[Round "3.6"]
[White "Grahn, Vidar"]
[Black "Ljung, Harald"]
[Result "1-0"]
[ECO "E08"]
[WhiteElo "2133"]
[BlackElo "2159"]
[Annotator "ChessBase"]
[PlyCount "67"]
[EventDate "2023.10.27"]
[EventType "swiss"]
[EventCountry "SWE"]
[SourceTitle "playchess.com"]
[Source "ChessBase"]
[SourceQuality "1"]
[TimeControl "5400+30"]

1. d4 Nf6 2. c4 e6 3. g3 d5 4. Bg2 Be7 5. Nf3 O-O 6. O-O c6 7. Nc3 Nbd7 8. Qd3 b6 9. e4 dxe4 10. Nxe4 Nxe4 11. Qxe4 Bb7 12. Rd1 Nf6 13. Qe2 Rc8 14. Ne5 Rc7 15. Bf4 Qc8 16. c5 Nd5 17. Bxd5 cxd5 18. b4 bxc5 19. bxc5 f6 20. Nd3 e5 21. dxe5 fxe5 22. Bxe5 Rc6 23. Bd4 Re6 24. Qb2 Bf6 25. Re1 Re4 26. Bxf6 Rxf6 27. Rab1 Rxe1+ 28. Rxe1 d4 29. Re7 Ba8 30. Qb3+ Kf8 31. Rxa7 Rf5 32. Ne5 Bc6 33. Rf7+ Rxf7 34. Qxf7# 1-0

[Event "10th Uppsala Young Champions 2023"]
[Site "Uppsala"]
[Date "2023.10.28"]
[Round "3.7"]
[White "Morell, Ludvig"]
[Black "Tripathi, Pratyush"]
[Result "0-1"]
[ECO "D12"]
[WhiteElo "2017"]
[BlackElo "1801"]
[Annotator "NA"]
[PlyCount "38"]
[EventDate "2023.10.27"]
[EventType "swiss"]
[EventCountry "SWE"]
[SourceTitle "playchess.com"]
[Source "ChessBase"]
[SourceQuality "1"]
[TimeControl "5400+30"]

1. e3 d5 2. c4 c6 3. Nf3 Nf6 4. d4 Bf5 5. Nc3 e6 6. Nh4 Bg4 7. Qb3 Qb6 8. c5 Qc7 9. f3 Bh5 10. e4 dxe4 11. Nxe4 Be7 12. Nd6+ Bxd6 13. cxd6 Qb6 14. Bc4 Nbd7 15. O-O Qxd4+ 16. Be3 Qxh4 17. Qxb7 O-O 18. Qxc6 Rfc8 19. Qb7 Rab8 0-1

[Event "10th Uppsala Young Champions 2023"]
[Site "Uppsala"]
[Date "2023.10.28"]
[Round "3.8"]
[White "Valcu, Lavinia"]
[Black "Steiners, Emils"]
[Result "0-1"]
[ECO "D00"]
[WhiteElo "1990"]
[BlackElo "1914"]
[Annotator "NA"]
[PlyCount "78"]
[EventDate "2023.10.27"]
[EventType "swiss"]
[EventCountry "SWE"]
[SourceTitle "playchess.com"]
[Source "ChessBase"]
[SourceQuality "1"]
[TimeControl "5400+30"]

1. d4 d5 2. Bf4 Nf6 3. e3 c5 4. dxc5 Nc6 5. Bb5 e6 6. b4 a5 7. Bxc6+ bxc6 8. c3 Be7 9. Nf3 Nd7 10. a4 Bf6 11. Ra3 e5 12. Bg3 Rb8 13. Rb3 Ba6 14. Nbd2 O-O 15. Qb1 Qc8 16. Kd1 Bc4 17. Nxc4 dxc4 18. Rb2 axb4 19. Rxb4 Nxc5 20. Bxe5 Rxb4 21. cxb4 Rd8+ 22. Ke2 Nxa4 23. Bxf6 gxf6 24. Qc2 Nb6 25. Ra1 c5 26. bxc5 Qxc5 27. Kf1 Nd5 28. Kg1 c3 29. Nd4 Nb4 30. Qe4 c2 31. Rc1 Qc3 32. Qg4+ Kh8 33. Nf5 Rg8 34. Qd4 Rc8 35. Kf1 Qd3+ 36. Kg1 Qxf5 37. Qxb4 Qd3 38. Qd4 Qxd4 39. exd4 Rb8 0-1

[Event "10th Uppsala Young Champions 2023"]
[Site "Uppsala"]
[Date "2023.10.28"]
[Round "3.9"]
[White "Muntean, Victor"]
[Black "Stefansson, Vignir Vatnar"]
[Result "0-1"]
[ECO "B01"]
[WhiteElo "2092"]
[BlackElo "2484"]
[Annotator "ChessBase"]
[PlyCount "28"]
[EventDate "2023.10.27"]
[EventType "swiss"]
[EventCountry "SWE"]
[SourceTitle "playchess.com"]
[Source "ChessBase"]
[SourceQuality "1"]
[TimeControl "5400+30"]

1. e4 Nc6 2. d4 d5 3. exd5 Qxd5 4. Be3 e5 5. Nc3 Bb4 6. Qd2 Qa5 7. d5 Nce7 8. Bc4 Nf6 9. f3 Nfxd5 10. Nge2 Be6 11. Bxd5 Nxd5 12. Qd3 O-O-O 13. Qe4 Nxc3 14. Nxc3 f5 0-1

[Event "10th Uppsala Young Champions 2023"]
[Site "Uppsala"]
[Date "2023.10.28"]
[Round "3.10"]
[White "Mai, Alexander Oliver"]
[Black "Nilsson, Oliver"]
[Result "1-0"]
[ECO "A49"]
[WhiteElo "2118"]
[BlackElo "1933"]
[Annotator "NA"]
[PlyCount "77"]
[EventDate "2023.10.27"]
[EventType "swiss"]
[EventCountry "SWE"]
[SourceTitle "playchess.com"]
[Source "ChessBase"]
[SourceQuality "1"]
[TimeControl "5400+30"]

1. Nf3 Nf6 2. g3 g6 3. Bg2 Bg7 4. O-O O-O 5. d4 d6 6. a4 c5 7. dxc5 dxc5 8. c3 Nc6 9. Be3 c4 10. Na3 Na5 11. Qxd8 Rxd8 12. Nb5 Bd7 13. Ne5 a6 14. Nc7 Rac8 15. Bb6 Nb3 16. Rad1 Bxa4 17. Bxb7 Rxd1 18. Bxc8 Rxf1+ 19. Kxf1 Nd2+ 20. Ke1 Nfe4 21. Ng4 Nd6 22. Bxa6 Nb3 23. f4 Bc6 24. Ne3 Ne4 25. Bxc4 Nbc5 26. Nd1 Na4 27. Bd4 Bxd4 28. cxd4 Nd6 29. Bd3 f5 30. Kd2 Ne4+ 31. Bxe4 Bxe4 32. b3 Nb6 33. Kc3 Nd5+ 34. Nxd5 Bxd5 35. Ne3 Be4 36. d5 Kf8 37. Kd4 Ke8 38. b4 Kd7 39. Ke5 1-0

[Event "10th Uppsala Young Champions 2023"]
[Site "Uppsala"]
[Date "2023.10.28"]
[Round "3.11"]
[White "Ostensson, Julia"]
[Black "Frank, Anton"]
[Result "1/2-1/2"]
[ECO "C47"]
[WhiteElo "1878"]
[BlackElo "1997"]
[Annotator "ChessBase"]
[PlyCount "100"]
[EventDate "2023.10.27"]
[EventType "swiss"]
[EventCountry "SWE"]
[SourceTitle "playchess.com"]
[Source "ChessBase"]
[SourceQuality "1"]
[TimeControl "5400+30"]

1. e4 e5 2. Nf3 Nc6 3. Nc3 Nf6 4. d4 exd4 5. Nxd4 Bb4 6. Nxc6 bxc6 7. Bd3 O-O 8. O-O d5 9. exd5 Bg4 10. Ne2 cxd5 11. h3 Bh5 12. c4 Re8 13. Qc2 Bg6 14. Bxg6 hxg6 15. Rd1 Qe7 16. Be3 Bd6 17. Nd4 Qe5 18. Nf3 Qh5 19. Bg5 dxc4 20. Rd4 Nh7 21. Rh4 Nxg5 22. Rxh5 Nxf3+ 23. gxf3 gxh5 24. Kf1 Rab8 25. Re1 Rxe1+ 26. Kxe1 g6 27. f4 c3 28. bxc3 Bxf4 29. Qa4 Be5 30. Qxa7 Bxc3+ 31. Ke2 Re8+ 32. Kf3 Be5 33. a4 Re6 34. a5 Kg7 35. a6 Bf6 36. Qb7 Bd4 37. a7 Rf6+ 38. Ke4 Bxa7 39. Qxa7 Rf5 40. f4 c5 41. h4 Kf8 42. Qc7 Kg8 43. Qd8+ Kg7 44. Qd6 Kg8 45. Kd3 Kg7 46. Kc4 Kg8 47. Kb5 Kg7 48. Qc7 Kg8 49. Kb6 Rd5 50. Kc6 Rf5 1/2-1/2

[Event "10th Uppsala Young Champions 2023"]
[Site "Uppsala"]
[Date "2023.10.29"]
[Round "4.1"]
[White "Stefansson, Vignir Vatnar"]
[Black "Gavrilescu, David"]
[Result "1/2-1/2"]
[ECO "E08"]
[WhiteElo "2484"]
[BlackElo "2534"]
[Annotator "RC"]
[PlyCount "80"]
[EventDate "2023.10.27"]
[EventType "swiss"]
[EventCountry "SWE"]
[SourceTitle "playchess.com"]
[Source "ChessBase"]
[SourceQuality "1"]
[TimeControl "5400+30"]

1. d4 d5 2. c4 e6 3. Nf3 Nf6 4. g3 Bb4+ 5. Bd2 Be7 6. Bg2 c6 7. Qc2 Nbd7 8. Bf4 a5 9. O-O O-O 10. Rd1 h6 11. b3 b6 12. Ne5 Bb7 13. Nc3 Rc8 14. e4 Bb4 15. Nxd7 Nxd7 16. a3 Be7 17. Qb2 Nf6 18. Rac1 Ba6 19. Qa2 Qd7 20. Be5 Rfd8 21. cxd5 cxd5 22. Bxf6 Bxf6 23. exd5 exd5 24. Nxd5 Rxc1 25. Rxc1 Bxd4 26. Rd1 Qg4 27. Re1 Bc5 28. Qd2 Qg5 29. Qxg5 hxg5 30. b4 axb4 31. axb4 Bf8 32. Ra1 Bb7 33. Nxb6 Bxg2 34. Kxg2 Bxb4 35. Nc4 g6 36. Rb1 Be7 37. Rb2 Kg7 38. Ra2 Bf6 39. Ne3 Rd7 40. Rc2 Be7 1/2-1/2

[Event "10th Uppsala Young Champions 2023"]
[Site "Uppsala"]
[Date "2023.10.29"]
[Round "4.2"]
[White "Omarsson, Adam"]
[Black "Sorensen, Hampus"]
[Result "0-1"]
[ECO "E43"]
[WhiteElo "1946"]
[BlackElo "2470"]
[Annotator "ChessBase"]
[PlyCount "52"]
[EventDate "2023.10.27"]
[EventType "swiss"]
[EventCountry "SWE"]
[SourceTitle "playchess.com"]
[Source "ChessBase"]
[SourceQuality "1"]
[TimeControl "5400+30"]

1. d4 Nf6 2. c4 e6 3. Nc3 Bb4 4. e3 b6 5. Bd3 Bb7 6. Nf3 O-O 7. O-O c5 8. a3 Bxc3 9. bxc3 Ne4 10. Qc2 f5 11. Nd2 Nd6 12. e4 Nc6 13. Bb2 Rc8 14. d5 Ne7 15. e5 Nf7 16. f4 g5 17. g3 Ng6 18. Rf3 gxf4 19. gxf4 Nxf4 20. Rg3+ Kh8 21. Re1 Rg8 22. Kf2 Nh6 23. Bf1 Ng4+ 24. Kg1 Nxh2 25. Rxg8+ Qxg8+ 26. Kxh2 Qg4 0-1

[Event "10th Uppsala Young Champions 2023"]
[Site "Uppsala"]
[Date "2023.10.29"]
[Round "4.3"]
[White "Steiners, Emils"]
[Black "Falkevall, Axel"]
[Result "1/2-1/2"]
[ECO "E74"]
[WhiteElo "1914"]
[BlackElo "2280"]
[Annotator "ChessBase"]
[PlyCount "96"]
[EventDate "2023.10.27"]
[EventType "swiss"]
[EventCountry "SWE"]
[SourceTitle "playchess.com"]
[Source "ChessBase"]
[SourceQuality "1"]
[TimeControl "5400+30"]

1. d4 Nf6 2. c4 g6 3. Nc3 Bg7 4. e4 d6 5. Be2 O-O 6. Bg5 c5 7. d5 h6 8. Be3 e6 9. Nf3 exd5 10. exd5 Re8 11. h3 Rxe3 12. fxe3 Qe7 13. Qd2 Nbd7 14. O-O Ne5 15. a3 h5 16. b4 Bh6 17. Kh1 b6 18. Rae1 Bd7 19. Nxe5 Qxe5 20. Bd3 Bg7 21. bxc5 bxc5 22. Rb1 Re8 23. Rf3 Ng4 24. hxg4 hxg4 25. Rff1 Qh5+ 26. Kg1 g3 27. Rf4 Bh6 28. Ne4 Qh2+ 29. Kf1 Bxf4 30. exf4 Bg4 31. Qe3 Rxe4 32. Bxe4 Qh1+ 33. Qg1 Qh6 34. Qe3 Qh1+ 35. Qg1 Qh6 36. Bf3 Qxf4 37. Ke2 Qxc4+ 38. Kd2 Qa2+ 39. Ke3 Bf5 40. Rb8+ Kg7 41. Kf4 Qd2+ 42. Kxg3 Qg5+ 43. Kf2 Qd2+ 44. Be2 Qd4+ 45. Kf1 Qa1+ 46. Kf2 Qd4+ 47. Kf1 Qa1+ 48. Kf2 Qd4+ 1/2-1/2

[Event "10th Uppsala Young Champions 2023"]
[Site "Uppsala"]
[Date "2023.10.29"]
[Round "4.4"]
[White "Oksendal, Martin"]
[Black "Grahn, Vidar"]
[Result "1/2-1/2"]
[ECO "B48"]
[WhiteElo "2123"]
[BlackElo "2133"]
[Annotator "RC"]
[PlyCount "104"]
[EventDate "2023.10.27"]
[EventType "swiss"]
[EventCountry "SWE"]
[SourceTitle "playchess.com"]
[Source "ChessBase"]
[SourceQuality "1"]
[TimeControl "5400+30"]

1. e4 c5 2. Nf3 e6 3. d4 cxd4 4. Nxd4 Nc6 5. Nc3 Qc7 6. Be3 a6 7. Qf3 Nf6 8. O-O-O Ne5 9. Qg3 b5 10. Bf4 d6 11. Bxe5 dxe5 12. Bxb5+ axb5 13. Ncxb5 Qc5 14. b4 Qb6 15. Qxe5 Bxb4 16. Nc7+ Kf8 17. Nxa8 Ba3+ 18. Kd2 Qa7 19. Nb5 Qxa8 20. Nxa3 Qxa3 21. Rhe1 Ke7 22. Qc7+ Bd7 23. Re3 Qb4+ 24. Kc1 Rd8 25. f3 Ke8 26. Rb3 Qa4 27. Rb8 Rxb8 28. Qxb8+ Ke7 29. Qd6+ Ke8 30. Qb8+ Ke7 31. Qd6+ Ke8 32. Rd4 Qc6 33. Qb8+ Qc8 34. Qd6 Qc6 35. Qb8+ Qc8 36. Qb4 Ng8 37. Rc4 Qa8 38. Rc7 Qxa2 39. Qb8+ Ke7 40. Qb4+ Ke8 41. Qb8+ Ke7 42. Rxd7+ Kxd7 43. Qxg8 Qa1+ 44. Kd2 Qd4+ 45. Ke2 Qc4+ 46. Kd2 Qd4+ 47. Ke2 Qc4+ 48. Kf2 Qc5+ 49. Kg3 Qg5+ 50. Kh3 Qh5+ 51. Kg3 Qg5+ 52. Kh3 Qh5+ 1/2-1/2

[Event "10th Uppsala Young Champions 2023"]
[Site "Uppsala"]
[Date "2023.10.29"]
[Round "4.5"]
[White "Domalchuk-Jonasson, Aleksandr"]
[Black "Seiger, Vidar"]
[Result "1-0"]
[ECO "A49"]
[WhiteElo "2392"]
[BlackElo "1908"]
[Annotator "RC"]
[PlyCount "59"]
[EventDate "2023.10.27"]
[EventType "swiss"]
[EventCountry "SWE"]
[SourceTitle "playchess.com"]
[Source "ChessBase"]
[SourceQuality "1"]
[TimeControl "5400+30"]

1. g3 Nf6 2. Bg2 g6 3. Nf3 Bg7 4. O-O O-O 5. d4 d6 6. b3 Nbd7 7. Bb2 e5 8. dxe5 Ng4 9. Qc1 Ngxe5 10. Nbd2 Qe7 11. c4 c6 12. Rd1 Nc5 13. Nxe5 Bxe5 14. Bxe5 dxe5 15. Qa3 Bf5 16. b4 Nd7 17. Qc3 Rfd8 18. a3 a5 19. bxa5 e4 20. Nb3 Qe5 21. Rac1 Qxc3 22. Rxc3 Ne5 23. Rdc1 b6 24. h3 h5 25. axb6 Rxa3 26. Nc5 Rxc3 27. Rxc3 Rd1+ 28. Kh2 Rb1 29. b7 Nd7 30. Rb3 1-0

[Event "10th Uppsala Young Champions 2023"]
[Site "Uppsala"]
[Date "2023.10.29"]
[Round "4.6"]
[White "Tripathi, Pratyush"]
[Black "Harish, Neeraj"]
[Result "1/2-1/2"]
[ECO "D85"]
[WhiteElo "1801"]
[BlackElo "2076"]
[Annotator "NA"]
[PlyCount "81"]
[EventDate "2023.10.27"]
[EventType "swiss"]
[EventCountry "SWE"]
[SourceTitle "playchess.com"]
[Source "ChessBase"]
[SourceQuality "1"]
[TimeControl "5400+30"]

1. d4 Nf6 2. c4 g6 3. Nc3 d5 4. cxd5 Nxd5 5. Bd2 Bg7 6. e4 Nxc3 7. Bxc3 O-O 8. Qd2 c5 9. dxc5 Qxd2+ 10. Kxd2 Bxc3+ 11. Kxc3 Nd7 12. c6 bxc6 13. f3 Rb8 14. Ne2 Nb6 15. b3 f5 16. Ng3 fxe4 17. Nxe4 Bf5 18. Ng3 Nd5+ 19. Kb2 Nf4 20. Bc4+ Kg7 21. Nxf5+ Rxf5 22. g3 Nd5 23. Bxd5 cxd5 24. Rhe1 e5 25. Rac1 Rb7 26. Rc5 Rd7 27. g4 Rxf3 28. Rxe5 Rf2+ 29. Rc2 Rf4 30. g5 Rf5 31. Rxf5 gxf5 32. Rc6 Rf7 33. Kc3 f4 34. Kd2 d4 35. Ke2 Rd7 36. Rf6 d3+ 37. Kd2 Rd4 38. h4 h5 39. a3 a5 40. Rf5 a4 41. bxa4 1/2-1/2

[Event "10th Uppsala Young Champions 2023"]
[Site "Uppsala"]
[Date "2023.10.29"]
[Round "4.7"]
[White "Briem, Stephan"]
[Black "Morell, Oscar"]
[Result "1-0"]
[ECO "E14"]
[WhiteElo "2144"]
[BlackElo "1942"]
[Annotator "NA"]
[PlyCount "79"]
[EventDate "2023.10.27"]
[EventType "swiss"]
[EventCountry "SWE"]
[SourceTitle "playchess.com"]
[Source "ChessBase"]
[SourceQuality "1"]
[TimeControl "5400+30"]

1. d4 d5 2. Nf3 Nf6 3. c4 e6 4. e3 b6 5. Nc3 Bb7 6. cxd5 exd5 7. b3 Bd6 8. Bb2 O-O 9. Bd3 a6 10. Rc1 Nbd7 11. Qc2 Qe7 12. O-O Ne4 13. Ne2 Rac8 14. Ng3 f5 15. Qe2 b5 16. a4 c6 17. Rc2 g5 18. axb5 axb5 19. Ra1 g4 20. Bxe4 dxe4 21. Nd2 h5 22. d5 Nc5 23. dxc6 Bxc6 24. Bd4 Nd3 25. Ra7 Bd7 26. Rxc8 Rxc8 27. Nxf5 Bxf5 28. Rxe7 Bxe7 29. Nf1 Be6 30. Qa2 Nc1 31. Qa6 Ne2+ 32. Kh1 Nxd4 33. exd4 Kf7 34. Qxb5 Rd8 35. Qxh5+ Kf8 36. Ne3 Rc8 37. g3 Rc1+ 38. Kg2 Bxb3 39. Qxg4 Bf7 40. Qxe4 1-0

[Event "10th Uppsala Young Champions 2023"]
[Site "Uppsala"]
[Date "2023.10.29"]
[Round "4.8"]
[White "Ljung, Harald"]
[Black "Mai, Alexander Oliver"]
[Result "1-0"]
[ECO "E39"]
[WhiteElo "2159"]
[BlackElo "2118"]
[Annotator "ChessBase"]
[PlyCount "103"]
[EventDate "2023.10.27"]
[EventType "swiss"]
[EventCountry "SWE"]
[SourceTitle "playchess.com"]
[Source "ChessBase"]
[SourceQuality "1"]
[TimeControl "5400+30"]

1. d4 Nf6 2. c4 e6 3. Nc3 Bb4 4. Qc2 O-O 5. Nf3 c5 6. dxc5 Na6 7. e3 Nxc5 8. Be2 Nce4 9. Bd2 Nxd2 10. Nxd2 d5 11. O-O Bd7 12. cxd5 Bxc3 13. Qxc3 Nxd5 14. Qb3 Bc6 15. Nf3 Qb6 16. Qxb6 Nxb6 17. Nd4 Bd5 18. Nb5 a6 19. Nc3 Rac8 20. Rfd1 Rfd8 21. Rac1 Bc6 22. h3 Kf8 23. Bf3 Bxf3 24. gxf3 Ke7 25. Rxd8 Rxd8 26. Ne4 f5 27. Rc7+ Nd7 28. Nc3 Rb8 29. f4 Kd6 30. Rc4 b5 31. Rd4+ Kc6 32. Ne2 e5 33. fxe5 Nxe5 34. Kg2 Rc8 35. Rh4 Kb6 36. Nd4 h6 37. Rh5 Nd3 38. b3 f4 39. Rd5 Ne1+ 40. Kf1 Rc1 41. Ke2 Ra1 42. e4 g5 43. e5 Ng2 44. Rd6+ Kc7 45. Rxa6 Re1+ 46. Kf3 Nh4+ 47. Kg4 Rxe5 48. Rxh6 Kd7 49. Rh5 Re4 50. Nf3 Ng2 51. Nxg5 Re1 52. Kf3 1-0